 Dungeon Crawl Stone Soup version 0.19.5 (webtiles) character file.

672 JeffiDaFish the Shield-Bearer (level 7, 0/44 HPs)
             Began as a Gargoyle Fighter on Sept 1, 2017.
             Slain by a bullfrog (2 damage)
             ... in a sewer.
             The game lasted 00:17:35 (3658 turns).

JeffiDaFish the Shield-Bearer (Gargoyle Fighter)    Turns: 3658, Time: 00:17:36

Health: 0/44       AC: 14    Str: 20      XL:     7   Next: 59%
Magic:  7/7        EV:  5    Int:  8      God:
Gold:   164        SH: 10    Dex:  9 (11) Spells: 0 memorised, 6 levels left

rFire  . . .     SeeInvis .     a - +3 flail
rCold  . . .     Gourm    .     b - +0 scale mail
rNeg   + . .     Faith    .     c - +0 shield
rPois  ∞         Spirit   .     (no helmet)
rElec  +         Reflect  .     (no cloak)
rCorr  .         Harm     .     (no gloves)
MR     .....                    h - +1 pair of boots
Stlth  ..........               (no amulet)
                                i - ring of flight
                                (no ring)

@: constricted
A: negative energy resistance 1, electricity resistance, unbreathing,
petrification resistance, rot immunity, AC +4
a: Evoke Flight


You were in a sewer.
You were hungry.

You visited 1 branch of the dungeon, and saw 4 of its levels.
You also visited: Sewer.

You collected 164 gold pieces.

Inventory:

Hand Weapons
 a - a +3 flail (weapon)
Armour
 b - a +0 scale mail (worn)
 c - a +0 shield (worn)
 h - a +1 pair of boots (worn)
Jewellery
 e - an uncursed ring of protection from fire
 i - a ring of flight (right hand)
Scrolls
 l - a scroll of remove curse
 n - 2 scrolls of identify
 o - a scroll of enchant weapon
Potions
 q - a potion of brilliance
Comestibles
 f - 3 bread rations
 g - 7 chunks of flesh
 j - a fruit
 k - a meat ration


   Skills:
 + Level 4.3 Fighting
 + Level 5.0 Maces & Flails
 + Level 5.1 Armour
 + Level 1.7 Dodging
 + Level 0.5 Stealth
 + Level 5.4 Shields


You had 6 spell levels left.
You didn't know any spells.

Dungeon Overview and Level Annotations

Branches:
Dungeon (4/15)
 Temple: D:4-7

Altars:
Trog

Annotations:
Sewer THUG4L1F3's ghost, amateur DDFi


Innate Abilities, Weirdness & Mutations

You are resistant to torment.
Your stone body is resilient. (AC +4)
You are immune to poison.
You resist negative energy. (rN+)
You are resistant to electric shocks. (rElec)
You can survive without breathing.
You are immune to petrification.
You are immune to rotting.


Message History

The ball python bites you but does no damage.
* * * LOW HITPOINT WARNING * * *
The ball python constricts you.
The bullfrog hits you but does no damage.
The frilled lizard bites you but does no damage.
The ooze hits you but does no damage. The bullfrog hits you.
* * * LOW HITPOINT WARNING * * *
Unknown command.
You closely miss the bullfrog.
The bullfrog is almost dead.
You block the bullfrog's attack.
The leopard gecko bites you but does no damage.
The ball python bites you but does no damage.
The frilled lizard bites you but does no damage.
The ball python bites you but does no damage.
The ball python constricts you. You block the bullfrog's attack.
The frilled lizard barely misses you. The ooze hits you but does no damage.
The leopard gecko splashes around in the water.
The bullfrog hits you.
You die...

≈≈###≈..≈.≈≈≈≈≈.≈≈###.≈.≈##
.##≈≈≈..#######..≈≈≈##≈≈≈≈#
##.≈≈.###≈≈≈≈≈###≈≈≈.##≈.≈##
#..≈≈## ≈≈≈≈≈≈≈≈##≈≈.≈#≈.≈.#
#≈≈≈## ≈≈.≈....≈##≈≈≈##≈≈.##
≈.≈≈# ≈..?.?.≈≈≈#≈.≈≈#≈≈≈.#
≈≈.≈# ≈≈≈..$[.l≈#.≈≈≈#≈..∩#
≈≈≈≈# ≈≈≈≈≈?≈llF#≈≈≈≈#≈≈..#
#≈≈≈## ≈..≈≈≈WS@l#≈≈.##≈≈≈##
#≈≈≈≈## ≈≈≈..≈≈SJF#≈.≈#≈≈.≈#
##≈≈≈.###≈≈≈≈≈#≈s##≈≈##÷≈≈##
≈##≈.≈≈.#######≈≈#≈≈##≈≈≈.#
≈≈###≈≈≈.≈≈≈≈..≈##≈≈#≈≈≈≈##
≈≈.≈####.≈.≈≈...#..≈≈≈..##
≈≈≈≈≈≈≈#≈∩.#######≈≈≈####
###≈≈≈.#####≈≈≈.≈#≈≈##
≈≈####≈≈.≈≈≈≈≈≈≈≈####


You could see 2 bullfrogs, THUG4L1F3's ghost, an ooze, a leopard gecko, a giant
cockroach, 2 ball pythons and 3 frilled lizards.

Vanquished Creatures
  Sigmund (D:3)
  2 orc wizards (D:4)
  An orc priest (D:4)
  Natasha (thrice) (D:2)
  2 worker ants
  2 gnolls (D:2)
  A howler monkey skeleton (D:3)
  6 adders
  A river rat (D:4)
  13 oozes
  2 adder skeletons (D:3)
  2 worms (D:2)
  3 dart slugs
  9 leopard geckos
  2 orcs (D:4)
  14 giant cockroaches
  6 goblins
  10 hobgoblins
  4 jackals (D:3)
  10 kobolds
  2 quokkas (D:2)
  17 ball pythons
  10 bats
  13 frilled lizards
  A leopard gecko skeleton (D:3)
  11 rats
148 creatures vanquished.

Notes
Turn   | Place    | Note
-------+----------+-------------------------------------------
     0 | D:1      | JeffiDaFish the Gargoyle Fighter began the quest for the Orb.
     0 | D:1      | Reached XP level 1. HP: 14/14 MP: 1/1
   114 | D:1      | Reached XP level 2. HP: 12/19 MP: 2/2
   590 | D:1      | Reached XP level 3. HP: 23/23 MP: 3/3
  1207 | D:2      | Noticed Natasha
  1216 | D:2      | Killed Natasha
  1216 | D:2      | Reached skill level 1 in Dodging
  1216 | D:2      | Reached XP level 4. HP: 21/28 MP: 4/4
  1544 | D:2      | Found a bloodstained altar of Trog.
  1669 | D:2      | Reached XP level 5. HP: 30/32 MP: 5/5
  1670 | D:2      | Noticed Natasha
  1673 | D:2      | Killed Natasha
  1923 | D:2      | Noticed Natasha
  1943 | D:2      | Killed Natasha
  2412 | D:3      | Noticed Sigmund
  2428 | D:3      | Killed Sigmund
  2428 | D:3      | Reached XP level 6. HP: 20/38 MP: 6/6
  2932 | D:3      | Reached skill level 5 in Shields
  3002 | D:4      | Reached XP level 7. HP: 38/43 MP: 7/7
  3044 | D:4      | Found a glowing drain.
  3098 | Sewer    | Entered a sewer
  3107 | Sewer    | Reached skill level 5 in Armour
  3618 | Sewer    | Reached skill level 5 in Maces & Flails
  3641 | Sewer    | Noticed THUG4L1F3's ghost (amateur DDFi)
  3657 | Sewer    | HP: 2/44 [bullfrog (2)]
  3658 | Sewer    | Slain by a bullfrog

Skill      XL: |  1  2  3  4  5  6  7 |
---------------+----------------------+-----
Dodging        | 1 |  1.7
Shields        | 4 5 |  5.4
Maces & Flails | 4 5 |  5.0
Armour         | 4 5 |  5.1
Fighting       | 4 |  4.3
Stealth        | |  0.5

Action                   |  1- 3 |  4- 6 |  7- 9 || total
-------------------------+-------+-------+-------++-------
Melee: Flail             |   158 |   197 |   227 ||   582
  Use: Scroll            |     4 |     8 |     2 ||    14
       Potion            |     2 |     7 |       ||     9
  Eat: Chunk             |     1 |     6 |     3 ||    10
Armor: Scale mail        |   100 |    89 |   221 ||   410
Dodge: Dodged            |    47 |    65 |   122 ||   234
Block: Shield            |    92 |   105 |   199 ||   396
